 Dungeon Crawl Stone Soup version 0.24-a0-528-g98e85ec62a (webtiles) character file.

Game seed: 10709270408130932722

928 Flugkiller the Firebug (level 7, -3/36 HPs)
             Began as a Deep Elf Fire Elementalist on Aug 6, 2019.
             Slain by a centaur (10 damage)
             ... on level 6 of the Dungeon.
             The game lasted 00:06:37 (6202 turns).

Flugkiller the Firebug (Deep Elf Fire Elementalist) Turns: 6202, Time: 00:06:37

Health: -3/36      AC:  2    Str:  9    XL:     7   Next: 85%
Magic:  13/18      EV: 13    Int: 22    God:
Gold:   226        SH:  3    Dex: 15    Spells: 5/18 levels left

rFire    + + +     SeeInvis .   w - +2 mace "Orb Guardian's Death" {drain, rPois rF+++ Str+4 Stlth-}
rCold    . . .     Gourm    .   (no shield)
rNeg     . . .     Faith    .   a - +0 robe
rPois    +         Spirit   .   (no helmet)
rElec    .         Reflect  +   (no cloak)
rCorr    .         Harm     .   (no gloves)
MR       +....                  (no boots)
Stlth    +.........             t - +3 amulet of reflection
HPRegen  0.12/turn              p - ring of protection from magic
MPRegen  0.16/turn              (no ring)

@: no status effects
A: no striking features
a: no special abilities


You were on level 6 of the Dungeon.
You were hungry.

You visited 1 branch of the dungeon, and saw 6 of its levels.

You collected 226 gold pieces.

Inventory:

Hand Weapons
 m - a +2 whip of venom
   (You took it off a kobold on level 2 of the Dungeon)
 w - the +2 mace "Orb Guardian's Death" (weapon) {drain, rPois rF+++ Str+4 Stlth-}
   (You found it on level 5 of the Dungeon)

   A truly terrible weapon, it drains the life of those it strikes.
   It affects your strength (+4).
   It renders you almost immune to fire.
   It protects you from poison.
   It makes you less stealthy.
Armour
 a - a +0 robe (worn)
Jewellery
 p - a ring of protection from magic (left hand)
   (You found it on level 3 of the Dungeon)
 t - a +3 amulet of reflection (around neck)
   (You found it on level 4 of the Dungeon)
Scrolls
 d - a scroll of immolation
 f - 2 scrolls of fog
 l - a scroll of enchant armour {unknown}
 n - 2 scrolls of teleportation {unknown}
 o - a scroll of remove curse
 q - a scroll of random uselessness {unknown}
 s - a scroll of noise {unknown}
 v - a scroll of magic mapping {unknown}
Potions
 b - 2 potions of heal wounds
 e - a potion of degeneration {unknown}
 g - 2 potions of curing
 h - 3 potions of lignification
 i - a potion of flight {unknown}
 j - a potion of berserk rage {unknown}
 k - a potion of ambrosia {unknown}
 r - a potion of magic {unknown}
 x - a potion of invisibility {unknown}
Comestibles
 c - 5 rations
 u - a chunk of flesh


   Skills:
 - Level 2.4 Dodging
 - Level 2.4 Stealth
 + Level 6.0 Spellcasting
 * Level 6.2 Conjurations
 * Level 7.0 Fire Magic


You had 5 spell levels left.
You knew the following spells:

 Your Spells              Type           Power        Failure   Level  Hunger
a - Flame Tongue          Conj/Fire      #####        1%          1    None
c - Conjure Flame         Conj/Fire      #####...     1%          3    #......
d - Sticky Flame          Conj/Fire      #####...     6%          4    ###....
e - Fireball              Conj/Fire      #####.....   16%         5    #####..

Your spell library contained the following spells:

 Spells                   Type           Power        Failure   Level  Hunger
 Throw Flame              Conj/Fire      #####.       1%          2    None
 Inner Flame              Hex/Fire       ###.....     6%          3    #......


Dungeon Overview and Level Annotations

Branches:
Dungeon (6/15)
 Temple: D:4-7

Altars:
Elyvilon
Nemelex Xobeh
Okawaru
Ru
Trog
Wu Jian
Zin

Shops:
D:5 (


Message History

The howler monkey is severely wounded.
The howler monkey hits you.
Casting: Flame Tongue (safe; 1% risk of failure)
Confirm with . or Enter, or press ? or * to list all spells.
Aiming: Flame Tongue (safe; 1% risk of failure)
Press: ? - help, Shift-Dir - straight line, f/p - howler monkey
Aim: a howler monkey (severely wounded)
The flame tongue misses the howler monkey.
The howler monkey hoots and howls with incredible vigour!
You hear a croak.
You hear a shout! x2
Casting: Flame Tongue (safe; 1% risk of failure)
Confirm with . or Enter, or press ? or * to list all spells.
Aiming: Flame Tongue (safe; 1% risk of failure)
Press: ? - help, Shift-Dir - straight line, f/p - howler monkey
Aim: a howler monkey (severely wounded, catching its breath)
The flame tongue hits the howler monkey!
You kill the howler monkey!
Your Fire Magic skill increases to level 7!
Found a worn bone wand.
You see here a howler monkey corpse.
You butcher the howler monkey corpse.
u - a chunk of flesh You see here a howler monkey skeleton. x2
A centaur comes into view.
The centaur shouts!
The centaur wields a +0 shortbow.
The centaur shoots an arrow.
The arrow hits you!
* * * LOW HITPOINT WARNING * * *
The centaur shoots an arrow.
The arrow misses you.
You see here an arrow.
You start resting.
The centaur shoots an arrow.
The arrow hits you!
* * * LOW HITPOINT WARNING * * *
The centaur shoots an arrow.
The arrow closely misses you.
You see here an arrow.
The centaur unwields a +0 shortbow.
The centaur hits you.
* * * LOW HITPOINT WARNING * * *
A jelly comes into view.
Casting: Flame Tongue (safe; 1% risk of failure)
Confirm with . or Enter, or press ? or * to list all spells.
Aiming: Sticky Flame (safe; 6% risk of failure)
Press: ? - help, Shift-Dir - straight line, f - centaur
Aim: a centaur The sticky flame hits the centaur.
The centaur is moderately wounded.
The centaur is covered in liquid flames!
The jelly quivers.
You are feeling hungry.
The centaur burns!
The centaur hits you!
You die...

......###........
.......#......J.........
.......#...............#
..)...................##
....###............:./.#
# #..#..#....#...#.##.
#...###.............
#(.......#.c........
##(#######.@........
#..#.###..(##......
##)...<#.รท..(....#.
#..............##....#
#.....#....##...# .##
#.....##..####......
#.....# #### ##(....#
...... #####.. ...### ..


You could see a centaur (burning) and a jelly.

Vanquished Creatures
  A sky beast (D:5)
  An ice beast (D:5)
  A centaur (D:6)
  2 scorpions (D:4)
  A crimson imp (D:5)
  2 howler monkeys
  A hound (D:5)
  A centaur skeleton (D:4)
  An iguana (D:5)
  Natasha (thrice) (D:3)
  Terence (D:3)
  2 worker ants (D:5)
  A hound zombie (D:3)
  4 adders
  4 gnolls (D:4)
  2 shadow imps
  An ooze (D:1)
  An adder skeleton (D:4)
  3 worms
  A dart slug (D:3)
  4 leopard geckos
  11 orcs
  5 giant cockroaches
  9 goblins
  5 hobgoblins
  7 jackals (D:3)
  8 kobolds
  3 quokkas
  5 ball pythons
  A ball python skeleton (D:4)
  A ball python zombie (D:5)
  12 bats
  6 frilled lizards
  A leopard gecko skeleton (D:5)
  A leopard gecko zombie (D:5)
  A quokka skeleton (D:4)
  10 rats
124 creatures vanquished.

Notes
Turn   | Place    | Note
-------+----------+-------------------------------------------
     0 | D:1      | Flugkiller the Deep Elf Fire Elementalist began the quest
                  | for the Orb.
     0 | D:1      | Reached XP level 1. HP: 10/10 MP: 6/6
   102 | D:1      | Reached XP level 2. HP: 15/15 MP: 6/8
   170 | D:1      | Found a sacrificial altar of Ru.
   699 | D:1      | Reached XP level 3. HP: 18/19 MP: 7/10
   725 | D:1      | Learned a level 3 spell: Conjure Flame
   897 | D:2      | Reached skill level 4 in Fire Magic
  1800 | D:3      | Reached XP level 4. HP: 24/24 MP: 9/11
  1913 | D:3      | Learned a level 4 spell: Sticky Flame
  2011 | D:3      | Noticed Natasha
  2014 | D:3      | Killed Natasha
  2017 | D:3      | Reached XP level 5. HP: 28/28 MP: 3/13
  2279 | D:3      | Noticed Natasha
  2502 | D:3      | Killed Natasha
  2524 | D:3      | Reached skill level 5 in Fire Magic
  2692 | D:3      | Found a white marble altar of Elyvilon.
  2735 | D:3      | Noticed Natasha
  2737 | D:3      | Killed Natasha
  2827 | D:3      | Noticed Terence
  2828 | D:3      | Found an ornate altar of the Wu Jian Council.
  2842 | D:3      | Killed Terence
  2997 | D:3      | Reached XP level 6. HP: 32/32 MP: 9/14
  3083 | D:3      | Found an iron altar of Okawaru.
  3310 | D:4      | Found a bloodstained altar of Trog.
  3619 | D:4      | Found a glowing silver altar of Zin.
  3948 | D:4      | Reached skill level 5 in Spellcasting
  4422 | D:4      | Found a sparkling altar of Nemelex Xobeh.
  4606 | D:5      | Entered Level 5 of the Dungeon
  4660 | D:5      | Learned a level 5 spell: Fireball
  4843 | D:5      | Reached skill level 5 in Conjurations
  4880 | D:5      | Reached skill level 6 in Fire Magic
  4920 | D:5      | Found Luona's Antique Weapon Shop.
  4948 | D:5      | Reached XP level 7. HP: 21/36 MP: 4/16
  5138 | D:5      | Got an iridescent mace
  5142 | D:5      | Identified the +2 mace "Orb Guardian's Death" {drain, rPois
                  | rF+++ Str+4 Stlth-} (You found it on level 5 of the
                  | Dungeon)
  5197 | D:5      | HP: 1/36 [ice beast (13)]
  6188 | D:6      | Reached skill level 7 in Fire Magic
  6202 | D:6      | Slain by a centaur

Levels and vault maps discovered:
D:1:      psy_arrival_basics, layout_basic, kennysheep_flooded_box
D:2:      layout_basic, hex_tiny
D:3:      layout_loops_ring, overflow_temple_1_default,
          okawaru_ov_weapons_minmay, lemuel_crystal_altar, uniq_natasha,
          uniq_terence
D:4:      layout_basic, nemelex_altar_shiori, kennysheep_mini, first_ration,
          portal_sewer_entry_b, trog_three_pillars_becter
D:5:      layout_basic, serial_shops, nicolae_shop_waterfront
D:6:      layout_cave_pools, marbit_many_paths, nicolae_overflow_hidden_temple,
          minmay_temple_entry_mini_moons, nicolae_tso_carved_into_rock

Skill      XL: |  1  2  3  4  5  6  7 |
---------------+----------------------+-----
Conjurations   | 2 3 4 5 6 |  6.2
Fire Magic     | 4 5 6 7 |  7.0
Spellcasting   | 4 5 6 |  6.0
Dodging        | |  2.4
Stealth        | |  2.4

Action                   |  1- 3 |  4- 6 |  7- 9 || total
-------------------------+-------+-------+-------++-------
Melee: Unarmed           |     4 |       |       ||     4
       Whip              |       |    14 |       ||    14
       Mace              |       |       |    13 ||    13
 Cast: Flame Tongue      |    77 |   145 |    24 ||   246
       Sticky Flame      |       |     1 |     4 ||     5
       Conjure Flame     |       |     1 |     1 ||     2
  Use: Potion            |     1 |       |       ||     1
       Scroll            |       |     5 |       ||     5
  Eat: Chunk             |     2 |     8 |     3 ||    13
       Ration            |       |     1 |       ||     1
Armor: Robe              |     5 |     4 |     4 ||    13
Dodge: Dodged            |    30 |    54 |    13 ||    97
Block: Other             |       |       |     1 ||     1

Table legend:
 A = Non-vault XP
 B = Vault XP
 C = Vault XP percentage of total XP
 D = Non-vault monster count
 E = Vault monster count
 F = Vault count percentage of total count
                 A         B        C        D         E       F
            +---------+---------+-------+---------+---------+-------
      Total |    1249 |      78 |   5.9 |     116 |       8 |   6.5
            +---------+---------+-------+---------+---------+-------
        D:1 |      43 |       0 |   0.0 |      23 |       0 |   0.0
        D:2 |      46 |       0 |   0.0 |      19 |       0 |   0.0
        D:3 |     230 |      72 |  23.8 |      45 |       2 |   4.3
        D:4 |     248 |       6 |   2.4 |      14 |       6 |  30.0
        D:5 |     507 |       0 |   0.0 |      11 |       0 |   0.0
        D:6 |     175 |       0 |   0.0 |       4 |       0 |   0.0
            +---------+---------+-------+---------+---------+-------
